 Dungeon Crawl Stone Soup version 0.17-a0-896-g249456b (webtiles) character file.

39 Hanyuu the Insei (level 3, 0/23 HPs)
             Began as an Octopode Transmuter on May 1, 2015.
             Slain by Hanyuu's ghost (4 damage)
             ... on level 3 of the Dungeon.
             The game lasted 00:03:56 (1680 turns).

Hanyuu the Insei (Octopode Transmuter)              Turns: 1680, Time: 00:03:56

Health: 0/23       AC:  6    Str:  9    XL:     3   Next: 45%
Magic:  6/6        EV: 11    Int: 16    God:
Gold:   108        SH:  3    Dex: 12    Spells: 3 memorised, 0 levels left

rFire  . . .     SeeInvis .     k - +1 dagger (protect)
rCold  . . .     Clarity  .     l - +0 buckler
rNeg   . . .     SustAb   .     (helmet restricted)
rPois  .         Gourm    .     i - amulet of stasis
rElec  .         Spirit   .     (no ring)
rCorr  .         Warding  .     (no ring)
rMut   .         Stasis   +     (no ring)
MR     .....                    (no ring)
Stlth  ++........               (no ring)
                                (no ring)
                                (no ring)
                                (no ring)

@: not resistant to hostile enchantments, unstealthy
A: almost no armour, amphibious, 8 rings, constrict 8, camouflage 1, gelatinous
body 1
a: no special abilities


You were on level 3 of the Dungeon.
You were very hungry.

You visited 1 branch of the dungeon, and saw 4 of its levels.

You collected 108 gold pieces.

Inventory:

Hand weapons
 k - a +1 dagger of protection (weapon)
Missiles
 a - 12 arrows
 h - 8 tomahawks (quivered)
Armour
 l - a +0 buckler (worn)
Jewellery
 i - an amulet of stasis (around mantle)
Scrolls
 d - a scroll of identify
 e - a scroll of remove curse {unknown}
 j - a scroll of enchant armour {unknown}
Potions
 f - 2 potions of brilliance
Books
 b - a book of Changes

   Spells                             Type                      Level
   a - Beastly Appendage              Transmutation                1
   b - Sticks to Snakes               Transmutation                2
   c - Spider Form                    Transmutation/Poison         3
   d - Ice Form                       Ice/Transmutation            4
   e - Blade Hands                    Transmutation                5
Comestibles
 c - 2 bread rations
 g - a beef jerky
 m - 4 fruits


   Skills:
 - Level 1.0 Fighting
 - Level 2.0 Dodging
 + Level 4.2 Unarmed Combat
 - Level 2.0 Spellcasting
 + Level 2.2 Transmutations


You couldn't memorise any spells.
You knew the following spells:

 Your Spells              Type           Power        Failure   Level  Hunger
a - Beastly Appendage     Trmt           #.....       17%         1    #......
b - Sticks to Snakes      Trmt           #.........   24%         2    ###....
c - Spider Form           Trmt/Pois      #.........   71%         3    ###....


Dungeon Overview and Level Annotations

Branches:
Dungeon (4/15)
 Temple: D:4-7

Altars:
Fedhas
Gozag

Annotations:
D:3 Hanyuu's ghost, average OpTm


Innate Abilities, Weirdness & Mutations

You cannot wear most types of armour.
You are amphibious.
You can wear up to eight rings at the same time.
You can use your tentacles to constrict eight enemies at once.
Your skin changes colour to match your surroundings (Stealth).
Your rubbery body absorbs attacks (AC +1).


Message History

You constrict the worm. The worm barely misses you.
You hit the worm. You squeeze the worm.
The worm is almost dead.
You constrict the worm.
You kill the worm!
You closely miss Hanyuu's ghost. You block Hanyuu's ghost's attack.
You hit Hanyuu's ghost. Your squeeze misses Hanyuu's ghost.
Hanyuu's ghost is lightly damaged.
Hanyuu's ghost hits you.
You hit Hanyuu's ghost.
Hanyuu's ghost is lightly damaged.
Hanyuu's ghost barely misses you.
You hit Hanyuu's ghost.
Hanyuu's ghost is lightly damaged.
Hanyuu's ghost hits you!
* * * LOW HITPOINT WARNING * * *
You are too injured to fight recklessly!
You see here 9 gold pieces.
Hanyuu's ghost hits you.
You die...

.. #..#.......
#.##........... #.#
#.............. ...
####..##....##.##.#
#..##.##.##.##.#
#..##.##.##.##.#
#..##.......##.#
#.W##..###[#.#.#
..#####.@##..##.# #..#
..........##.#.## ##.#
#.#####.........###.#####
#...####.#.#.#.....
#........##<##.####
#.######.#####.# ...
##.###)## #### #...##
##.##


You could see Hanyuu's ghost.

Vanquished Creatures
  An ooze (D:2)
  A worm (D:3)
  A giant cockroach (D:1)
  2 hobgoblins
  A quokka (D:3)
  6 bats
  2 giant geckos (D:1)
  5 giant newts (D:1)
  2 goblins (D:1)
  7 kobolds
  5 rats (D:1)
33 creatures vanquished.

Notes
Turn   | Place    | Note
--------------------------------------------------------------
     0 | D:1      | Hanyuu, the Octopode Transmuter, began the quest for the Orb.
     0 | D:1      | Reached XP level 1. HP: 13/13 MP: 3/3
   354 | D:1      | Reached XP level 2. HP: 11/18 MP: 5/5
   650 | D:1      | Reached skill level 4 in Unarmed Combat
  1104 | D:1      | Reached XP level 3. HP: 17/23 MP: 6/6
  1108 | D:1      | Learned a level 2 spell: Sticks to Snakes
  1112 | D:1      | Learned a level 3 spell: Spider Form
  1445 | D:2      | Found a blossoming altar of Fedhas.
  1538 | D:2      | You fall through a shaft for 2 floors!
  1565 | D:3      | Found an opulent altar of Gozag.
  1666 | D:3      | Noticed Hanyuu's ghost (average OpTm)
  1680 | D:3      | Slain by Hanyuu's ghost

Action                   || total
-------------------------++-------
Melee: Unarmed           ||    62
       Dagger            ||    16
 Cast: Beastly Appendage ||     1
       Spider Form       ||     1
  Use: Scroll            ||     1
 Stab: Sleeping          ||     4
  Eat: Chunk             ||     1
